AoeStats
← x Turbo0

Arabia

506584770Analyzed
1v1 RM · 17d ago on Sep 14, 2026· 23m 5s· 2 players
Game mode
Random Map
Map size
Tiny (2 player)
Population
200
Speed
Normal
Resources
Standard
Victory
Conquest
Starting age
Dark Age
Ending age
Imperial Age
RankedLock teamsTeams togetherTeam positionsShared explorationLock speedFull tech treeHidden civsTurbo modeCheats
Victory
Defeat
🇲🇽 Britons · Mexico
1047
+15
🇨🇦 Magyars · Canada
1016
-15
Morgan
7:07 Loom
9:25 Feudal Age
16:10 Double-Bit Axe
22:06 Castle Age
21:09 Bloodlines
22:27 Gold Mining
x Turbo0
7:20 Loom
9:34 Feudal Age
16:13 Horse Collar
16:25 Double-Bit Axe
19:20 Padded Archer Armor
19:13 Fletching
20:42 Town Watch
25:04 Castle Age
Connection lost

Rejoining the realm…

Still unreachable

The connection could not be restored.

Session expired

The server has moved on; the page needs a fresh start.